 Dungeon Crawl Stone Soup version 0.24.0-123-gd5b16e6ec5 (webtiles) character file.

Game seed: 8618035542831491360, levelgen mode: deterministic

91 Elellon the Chopper (level 4, -7/40 HPs)
             Began as a Deep Dwarf Fighter on Jan 13, 2020.
             Killed by nerve-wracking pain
             ... invoked by Grinder
              (10 damage)
             ... while paralysed by Grinder
             ... on level 3 of the Dungeon.
             The game lasted 00:01:26 (1155 turns).

Elellon the Chopper (Deep Dwarf Fighter)            Turns: 1155, Time: 00:01:26

Health: -7/40      AC:  6    Str: 21    XL:     4   Next: 33%
Magic:  4/4        EV:  2    Int:  8    God:
Gold:   37         SH:  0    Dex: 12    Spells: 3/3 levels left

rFire    . . .     SeeInvis .   a - +0 war axe
rCold    . . .     Gourm    .   c - +0 shield
rNeg     . . .     Faith    .   b - +0 scale mail
rPois    .         Spirit   .   (no helmet)
rElec    .         Reflect  .   (no cloak)
rCorr    .         Harm     .   (no gloves)
MR       .....                  (no boots)
Stlth    ..........             (no amulet)
HPRegen  0.00/turn              (no ring)
MPRegen  0.09/turn              (no ring)

@: paralysed, non-regenerating
A: damage resistance, heal wounds, sense surroundings 1, no regeneration
a: Heal Wounds


You were on level 3 of the Dungeon.
You were not hungry.

You visited 1 branch of the dungeon, and saw 3 of its levels.

You collected 37 gold pieces.

Inventory:

Hand Weapons
 a - a +0 war axe (weapon)
Armour
 b - a +0 scale mail (worn)
 c - a +0 shield (worn)
Scrolls
 e - a scroll of enchant armour {unknown}
 g - 4 scrolls of identify {unknown}
 k - a scroll of noise {unknown}
 l - 2 scrolls of amnesia {unknown}
 m - 2 scrolls of remove curse {unknown}
 o - 3 scrolls of teleportation {unknown}
 p - a scroll of fog {unknown}
Potions
 d - a potion of might
 i - 2 potions of curing {unknown}
 j - 5 potions of mutation {unknown}
 n - a potion of cancellation {unknown}
Comestibles
 f - 4 rations
 h - a chunk of flesh


   Skills:
 - Level 2.6 Fighting
 + Level 5.1 Axes
 - Level 3.2 Armour
 - Level 3.2 Shields


You had 3 spell levels left.
You didn't know any spells.
Your spell library was empty.

Dungeon Overview and Level Annotations

Branches:
Dungeon (3/15)

Altars:

Annotations:
D:3 Grinder


Innate Abilities, Weirdness & Mutations

You are resistant to damage.
You can heal yourself by infusing magical energy.
You passively map a small area around you.
You do not regenerate.


Message History

You have reached level 4!
You feel stronger. Grinder hits you.
You writhe in agony.
Your shield prevents you from hitting Grinder.
You block Grinder's attack. x2
You hit Grinder.
Grinder is lightly wounded.
Grinder gestures at you.
You suddenly lose the ability to move!
Grinder gestures at you. Pain shoots through your body!
* * * LOW HITPOINT WARNING * * *
Grinder hits you!
* * * LOW HITPOINT WARNING * * *
You writhe in agony.
* * * LOW HITPOINT WARNING * * *
Grinder hits you but does no damage. x2
Grinder gestures at you. Pain shoots through your body!
You die...

, .... #..., ...
.... ,* ### ##### ,
..##..# ** #..
..... *,** ..#..##
####.###..## ,
#.....
##..........# *,
#....#
#..#..###.#.# *
#)5.#*#............
, ,
#.@.###......##<#..
,
#..[)....##......##
,
##..###......#.....
#...>.#
#......#.#.## ,
#.###.#
#.....##.#..# ** #
..# #....###. ..# ,
### #....# ## #.#
*, #....# .# *
#....# *


You could see Grinder.

Vanquished Creatures
  A centaur zombie (D:3)
  2 adders (D:2)
  A worm (D:2)
  A leopard gecko (D:2)
  3 orcs (D:3)
  4 bats
  A giant cockroach (D:2)
  7 goblins
  3 hobgoblins
  6 kobolds
  A frilled lizard (D:2)
  3 rats
33 creatures vanquished.

Notes
Turn   | Place    | Note
-------+----------+-------------------------------------------
     0 | D:1      | Elellon the Deep Dwarf Fighter began the quest for the Orb.
     0 | D:1      | Reached XP level 1. HP: 20/20 MP: 1/1
   295 | D:1      | Reached skill level 3 in Axes
   303 | D:1      | Reached XP level 2. HP: 27/27 MP: 2/2
   641 | D:2      | Reached XP level 3. HP: 33/33 MP: 3/3
   682 | D:2      | Reached skill level 4 in Axes
  1136 | D:3      | Noticed Grinder
  1150 | D:3      | Reached skill level 5 in Axes
  1150 | D:3      | Reached XP level 4. HP: 25/40 MP: 4/4
  1152 | D:3      | Paralysed by Grinder for 4 turns
  1155 | D:3      | Killed from afar by Grinder

Levels and vault maps discovered:
D:1:      sevenhm_arrival_forest_fort_small_6, layout_basic
D:2:      layout_loops_ring, first_ration
D:3:      layout_basic, chequers_mini_garden, uniq_grinder

Skill      XL: |  1  2  3 |
---------------+----------+-----
Axes           | 3 5 |  5.1
Fighting       | |  2.6
Armour         | |  3.2
Shields        | |  3.2

Action                   |  1- 3 |  4- 6 || total
-------------------------+-------+-------++-------
Melee: War axe           |    97 |     2 ||    99
  Eat: Chunk             |     1 |       ||     1
Armor: Scale mail        |    40 |     2 ||    42
Dodge: Dodged            |    34 |       ||    34
Block: Shield            |    66 |     2 ||    68
